Map: Torches LE

Players

moondogvoice - Winner!

  • Race: Protoss Protoss
  • League: Platinum
  • Spawn Location: 1:00

Etherodox

  • Race: Terran Terran
  • League: Master
  • Spawn Location: 5:00

VOD

Have the link to the VOD?

Description

Time

  • Played on: Sept. 5, 2025, 3:21 p.m.
  • Length: 10:39
Show
View Real Time Build Order
Export as new Build Order

moondogvoice Protoss - Winner!

Build Orders:  

Get SALT Encoding   

  12  0:01  Probe  
  13  0:13  Probe  
  14  0:22  Pylon  
  14  0:25  Probe  
  15  0:40  Probe  
  16  0:44  Gateway  
  16  0:49  Assimilator  
  16  0:52  Probe  
  17  1:04  Probe  
  17  1:09  Assimilator  
  18  1:16  Probe  
  19  1:19  Assimilator  
  19  1:28  Probe  
  20  1:33  Cybernetics Core  
  20  1:41  Probe  
  21  1:53  Probe, Pylon  
  22  2:05  Probe  
  22  2:07  Warp Gate  
  23  2:08  Gateway  
  23  2:16  Adept  
  23  2:17  Probe  
  26  2:27  Gateway  
  26  2:28  Pylon  
  26  2:32  Probe  
  27  3:04  Nexus  
  27  3:12  Robotics Facility  
  27  3:18  Pylon  
  27  3:19  Probe  
  28  3:28  Gateway  
  28  3:31  Probe  
  29  3:43  Probe  
  30  3:54  Forge  
  30  3:55  Probe  
  31  3:57  Twilight Council  
  31  4:03  Stalker  
  31  4:07  Probe  
  31  4:09  Stalker  
  36  4:18  Stalker  
  36  4:22  Probe x2  
  40  4:25  Warp Prism  
  42  4:47  Photon Cannon  
  42  4:48  Probe x2  
  42  4:50  Protoss Ground Armor Level 1  
  44  4:54  Charge  
  44  5:00  Probe x2  
  46  5:12  Probe x2  
  48  5:24  Probe x2  
  50  5:30  Adept x4  
  58  5:36  Probe x2  
  60  5:48  Probe x2  
  50  6:12  Templar Archives  
  50  6:14  Probe x2  
  50  6:15  Pylon  
  52  6:22  Assimilator  
  52  6:25  Gateway, Assimilator  
  52  6:26  Probe x2  
  52  6:28  Stalker  
  52  6:29  Gateway, Pylon, Stalker x2  
  60  6:35  Gateway  
  60  6:36  Photon Cannon  
  60  6:38  Probe x2  
  62  6:40  Psionic Storm  
  62  6:56  Pylon  
  62  6:57  Protoss Ground Armor Level 2  
  62  7:08  Zealot x3  
  64  7:09  Zealot  
  64  7:14  Pylon  
  66  7:21  Observer  
  63  7:26  Nexus  
  63  7:34  Photon Cannon  
  63  7:37  Photon Cannon  
  63  7:38  Gateway, Observer  
  63  7:40  Gateway, High Templar x2  
  63  7:42  Pylon  
  68  7:58  Assimilator  
  68  8:02  Assimilator, Zealot  
  68  8:03  Zealot x4  
  68  8:04  Photon Cannon  
  78  8:08  Pylon  
  78  8:11  Probe  
  79  8:14  High Templar x2  
  83  8:23  Photon Cannon  
  83  8:32  Probe x2  
  85  8:44  Probe x2  
  87  8:53  Zealot  
  87  8:54  Zealot x4  
  97  9:01  Zealot x3  
  95  9:17  Zealot  
  87  9:25  Zealot  
  87  9:26  Zealot x7  
  99  9:34  Probe  
  99  9:35  Probe x2  
  98  9:46  Zealot  
  98  9:47  Probe, Zealot x6  
  98  9:48  Zealot  
  105  10:00  Probe x3  
  106  10:07  Pylon  
  106  10:08  Pylon  
  106  10:12  Gateway  
Show
View Real Time Build Order
Export as new Build Order

Etherodox Terran 

Build Orders:  

Get SALT Encoding   

  12  0:07  SCV  
  13  0:19  SCV  
  14  0:22  Supply Depot  
  14  0:31  SCV  
  15  0:44  Refinery, SCV  
  15  0:46  Barracks  
  16  0:56  SCV  
  17  1:08  SCV  
  18  1:20  SCV  
  19  1:32  SCV  
  20  1:33  Marine  
  21  1:46  Command Center  
  21  1:51  Marine  
  22  1:57  Orbital Command  
  22  2:11  Barracks Tech Lab  
  22  2:16  Factory  
  22  2:21  Supply Depot  
  22  2:27  SCV  
  23  2:38  Barracks Reactor  
  23  2:43  Refinery, SCV  
  24  2:55  SCV  
  24  2:57  Orbital Command  
  25  3:07  SCV  
  26  3:13  Siege Tank  
  26  3:15  Marine  
  26  3:19  SCV  
  31  3:24  SCV  
  32  3:31  SCV  
  33  3:36  Marine x2  
  35  3:42  SCV, Starport  
  35  3:43  SCV  
  36  3:54  SCV  
  38  3:55  SCV  
  38  4:05  Supply Depot  
  38  4:06  SCV  
  38  4:07  Siege Tank, SCV  
  43  4:14  Marine x2  
  45  4:18  SCV  
  45  4:21  Supply Depot  
  46  4:26  Supply Depot, Medivac  
  48  4:33  SCV x2  
  48  4:34  Marine x2  
  52  4:40  Barracks  
  52  4:43  Siege Tank  
  52  4:45  SCV x2  
  57  4:51  Supply Depot  
  57  4:57  SCV x2  
  57  4:58  Refinery  
  61  5:00  Starport Reactor  
  59  5:08  Marine x2  
  59  5:09  SCV  
  59  5:11  SCV  
  63  5:16  Refinery  
  63  5:21  SCV  
  63  5:23  SCV  
  63  5:26  Marine x2  
  67  5:29  Factory Tech Lab  
  67  5:33  SCV  
  67  5:35  SCV  
  69  5:41  Engineering Bay  
  68  5:43  Marine  
  62  6:13  SCV x2  
  64  6:19  Siege Tank  
  64  6:20  Marine, Medivac x2  
  64  6:21  Marine x2  
  74  6:25  SCV x2  
  76  6:37  Marine, SCV  
  76  6:38  SCV  
  78  6:45  Supply Depot x2  
  78  6:47  Supply Depot  
  78  6:49  Stimpack  
  78  6:58  Command Center  
  78  7:04  Supply Depot  
  78  7:06  Marine x2  
  78  7:07  Supply Depot, SCV x2  
  78  7:08  Supply Depot  
  85  7:19  SCV x2  
  87  7:24  Marine x2  
  87  7:26  Widow Mine  
  88  7:30  Terran Infantry Weapons Level 1  
  88  7:31  SCV x2  
  88  7:33  Armory  
  90  7:37  Engineering Bay  
  90  7:42  Marine x2  
  90  7:43  SCV x2  
  94  7:47  Supply Depot  
  94  7:48  Widow Mine, Supply Depot x2  
  96  7:52  Supply Depot  
  96  7:55  SCV x2  
  99  7:59  Marauder  
  99  8:00  Marine, Liberator  
  104  8:07  SCV x2  
  104  8:08  Ghost Academy  
  104  8:09  Widow Mine  
  108  8:19  Marine x2, SCV x2  
  112  8:25  Terran Infantry Armor Level 1  
  112  8:26  Drilling Claws  
  112  8:30  Combat Shield, Marauder  
  112  8:31  SCV  
  115  8:38  Planetary Fortress  
  115  8:47  Hellion, Viking x2  
  121  8:52  Marauder  
  92  9:11  SCV x2  
  92  9:13  Marauder  
  92  9:20  Marine  
  92  9:23  SCV x2  
  92  9:34  Marauder  
  92  9:35  SCV  
  92  9:41  SCV  
  84  9:46  Marine x2  
  84  9:47  SCV  
  82  9:53  SCV  
  82  9:56  Marauder  
  82  9:59  SCV  
  86  10:04  Marine  
  87  10:17  Marauder, SCV x2  
  87  10:18  SCV  
Tags
 
Add a new tag
Caveats
  • Supply blocks, unpowered buildings, or Contaminate may cause inaccurate times.
  • Supply counts are checked every 10 seconds.